SR
MONTGOMERY BISCUITS @ MOOSE JAW CANUCKS
07/20/2042
 
TOP OF THE 1ST
Montgomery Biscuits batting - Pitching for Moose Jaw Canucks : LHP John Deemer
Pitching: LHP John Deemer
Batting: RHB Chiel Spronck 0-0: Ball
1-0: Fly out, F8 (Flyball, 78M, EV 85.0 MPH)
Batting: RHB Bob Clark 0-0: Ball
1-0: Ball
2-0: Foul Ball, location: 2F
2-1: Foul Ball, location: 2F
2-2: Ground out 5-3 (Groundball, 56, EV 88.1 MPH)
Batting: RHB José Labandeira 0-0: Ball
1-0: Ground out 1-3 (Groundball, 13, EV 81.9 MPH)
Top of the 1st over - 0 runs, 0 hits, 0 errors, 0 left on base; Montgomery 0 - Moose Jaw 0
BOTTOM OF THE 1ST
Moose Jaw Canucks batting - Pitching for Montgomery Biscuits : RHP George Atwater
Pitching: RHP George Atwater
Batting: LHB Gary McQueen 0-0: Ball
1-0: Called Strike
1-1: Foul Ball, location: 2F
1-2: Strikes out looking
Batting: RHB Millard Carr 0-0: Called Strike
0-1: Ball
1-1: Fly out, F4 (Popup, 34S, EV 75.0 MPH)
Batting: RHB Román Ayala 0-0: Ball
1-0: Called Strike
1-1: Fly out, F8 (Flyball, 8RS, EV 88.8 MPH)
Bottom of the 1st over - 0 runs, 0 hits, 0 errors, 0 left on base; Montgomery 0 - Moose Jaw 0
TOP OF THE 2ND
Montgomery Biscuits batting - Pitching for Moose Jaw Canucks : LHP John Deemer
Batting: RHB Ming-an Yin 0-0: Called Strike
0-1: Ball
1-1: Ball
2-1: Foul Ball, location: 2F
2-2: Ball
3-2: Strikes out looking
Batting: RHB Michael Hawk 0-0: Foul Ball, location: 2F
0-1: Called Strike
0-2: Foul Ball, location: 2F
0-2: Strikes out swinging
Batting: RHB Chad Holland 0-0: Ball
1-0: Swinging Strike
1-1: Swinging Strike
1-2: Foul Ball, location: 2F
1-2: Ball
2-2: Foul Ball, location: 2F
2-2: Ball
3-2: Strikes out looking
Top of the 2nd over - 0 runs, 0 hits, 0 errors, 0 left on base; Montgomery 0 - Moose Jaw 0
BOTTOM OF THE 2ND
Moose Jaw Canucks batting - Pitching for Montgomery Biscuits : RHP George Atwater
Batting: LHB Steve Scott 0-0: Ground out 4-3 (Groundball, 4, EV 107.5 MPH)
Batting: RHB José Sandoval 0-0: Ball
1-0: Foul Ball, location: 2F
1-1: Foul Ball, location: 2F
1-2: Strikes out swinging
Batting: RHB Greg Green 0-0: Ball
1-0: Swinging Strike
1-1: Called Strike
1-2: Strikes out swinging
Bottom of the 2nd over - 0 runs, 0 hits, 0 errors, 0 left on base; Montgomery 0 - Moose Jaw 0
TOP OF THE 3RD
Montgomery Biscuits batting - Pitching for Moose Jaw Canucks : LHP John Deemer
Batting: RHB Christian Karembeu 0-0: Called Strike
0-1: Swinging Strike
0-2: Strikes out swinging
Batting: LHB Juan Martínez 0-0: Ball
1-0: Fly out, F8 (Line Drive, 8LM, EV 94.4 MPH)
Batting: RHB Albert Monday 0-0: Ball
1-0: Ball
2-0: Fly out, F8 (Flyball, 78XD, EV 105.0 MPH)
Top of the 3rd over - 0 runs, 0 hits, 0 errors, 0 left on base; Montgomery 0 - Moose Jaw 0
BOTTOM OF THE 3RD
Moose Jaw Canucks batting - Pitching for Montgomery Biscuits : RHP George Atwater
Batting: RHB Dave Johns 0-0: Swinging Strike
0-1: Ball
1-1: Fly out, F8 (Line Drive, 8LM, EV 112.5 MPH)
Batting: RHB Marcos Martínez 0-0: Ball
1-0: Called Strike
1-1: Ball
2-1: Ball
3-1: Base on Balls
Batting: RHB George Holmes 0-0: Called Strike
Marcos Martínez is caught stealing 2nd base 2-4
0-1: Foul Ball, location: 2F
0-2: Ball
1-2: Ground out 5-3 (Groundball, 56, EV 106.9 MPH)
Bottom of the 3rd over - 0 runs, 0 hits, 0 errors, 0 left on base; Montgomery 0 - Moose Jaw 0
TOP OF THE 4TH
Montgomery Biscuits batting - Pitching for Moose Jaw Canucks : LHP John Deemer
Batting: RHB Chiel Spronck 0-0: Ball
1-0: Called Strike
1-1: Ball
2-1: Ball
3-1: Fly out, F2 (Popup, 23F, EV 81.2 MPH)
Batting: RHB Bob Clark 0-0: Ball
1-0: Foul Ball, location: 2F
1-1: Ball
2-1: Ball
3-1: Called Strike
3-2: Fly out, F3 (Line Drive, 3, EV 72.5 MPH)
Batting: RHB José Labandeira 0-0: Foul Ball, location: 2F
0-1: Ball
1-1: Foul Ball, location: 2F
1-2: Ball
2-2: Strikes out swinging
Top of the 4th over - 0 runs, 0 hits, 0 errors, 0 left on base; Montgomery 0 - Moose Jaw 0
BOTTOM OF THE 4TH
Moose Jaw Canucks batting - Pitching for Montgomery Biscuits : RHP George Atwater
Batting: LHB Gary McQueen 0-0: Ball
1-0: Ball
2-0: Swinging Strike
2-1: SINGLE (Groundball, 34D, EV 100.6 MPH)
Batting: RHB Millard Carr 0-0: Called Strike
0-1: Ball
1-1: Ball
2-1: DOUBLE (Line Drive, 3D, EV 99.4 MPH)
Gary McQueen to third
Runner from 3rd tries for Home, SAFE, throw by RF to home
Batting: RHB Román Ayala 0-0: SINGLE (Groundball, 56D, EV 108.8 MPH)
Millard Carr to third
Batting: LHB Steve Scott 0-0: Swinging Strike
0-1: Foul Ball, location: 2F
0-2: Strikes out looking
Batting: RHB José Sandoval 0-0: Ball
1-0: Called Strike
1-1: Swinging Strike
1-2: Strikes out swinging
Batting: RHB Greg Green 0-0: Ball
1-0: Called Strike
1-1: Fielders Choice at 2nd, 6-4 (Groundball, 56D, EV 96.9 MPH)
Bottom of the 4th over - 1 run, 3 hits, 0 errors, 2 left on base; Montgomery 0 - Moose Jaw 1
TOP OF THE 5TH
Montgomery Biscuits batting - Pitching for Moose Jaw Canucks : LHP John Deemer
Batting: RHB Ming-an Yin 0-0: Ball
1-0: Foul Ball, location: 2F
1-1: Ball
2-1: Foul Ball, location: 2F
2-2: Fly out, F8 (Flyball, 8RXD, EV 86.9 MPH)
Batting: RHB Michael Hawk 0-0: Ball
1-0: Ball
2-0: Ball
3-0: Foul Ball, location: 2F
3-1: Base on Balls
Batting: RHB Chad Holland 0-0: SINGLE (Line Drive, 9LM, EV 96.9 MPH)
Michael Hawk to second
Batting: RHB Christian Karembeu 0-0: Ball
1-0: Called Strike
1-1: Foul Ball, location: 2F
1-2: Strikes out swinging
Batting: LHB Juan Martínez 0-0: Called Strike
0-1: Ball
1-1: Swinging Strike
1-2: Ball
2-2: Ball
3-2: Strikes out swinging
Top of the 5th over - 0 runs, 1 hit, 0 errors, 2 left on base; Montgomery 0 - Moose Jaw 1
BOTTOM OF THE 5TH
Moose Jaw Canucks batting - Pitching for Montgomery Biscuits : RHP George Atwater
Batting: RHB Dave Johns 0-0: Ground out 4-3 (Groundball, 4, EV 85.6 MPH)
Batting: RHB Marcos Martínez 0-0: Foul Ball, location: 2F
0-1: Ball
1-1: Ball
2-1: Ball
3-1: Fly out, F4 (Popup, 4, EV 67.5 MPH)
Batting: RHB George Holmes 0-0: Ball
1-0: Ball
2-0: Foul Ball, location: 2F
2-1: Called Strike
2-2: Ball
3-2: SINGLE (Flyball, 8LS, EV 97.5 MPH)
Batting: LHB Gary McQueen 0-0: Ball
1-0: Fly out, F7 (Flyball, 7, EV 79.4 MPH)
Bottom of the 5th over - 0 runs, 1 hit, 0 errors, 1 left on base; Montgomery 0 - Moose Jaw 1
TOP OF THE 6TH
Montgomery Biscuits batting - Pitching for Moose Jaw Canucks : LHP John Deemer
Batting: RHB Albert Monday 0-0: Swinging Strike
0-1: Ball
1-1: Ball
2-1: Foul Ball, location: 2F
2-2: Strikes out swinging
Batting: RHB Chiel Spronck 0-0: Ball
1-0: Ball
2-0: Swinging Strike
2-1: SINGLE (Groundball, 6, EV 110.6 MPH) (infield hit)
Batting: RHB Bob Clark 0-0: Ball
1-0: Foul Ball, location: 2F
1-1: Ball
2-1: Ball
3-1: Foul Ball, location: 2F
3-2: Fly out, F8 (Flyball, 8RM, EV 88.8 MPH)
Batting: RHB José Labandeira 0-0: Ball
1-0: Ball
2-0: Foul Ball, location: 2F
2-1: Ball
3-1: Called Strike
3-2: Strikes out swinging
Top of the 6th over - 0 runs, 1 hit, 0 errors, 1 left on base; Montgomery 0 - Moose Jaw 1
BOTTOM OF THE 6TH
Moose Jaw Canucks batting - Pitching for Montgomery Biscuits : RHP George Atwater
Batting: RHB Millard Carr 0-0: Ball
1-0: Foul Ball, location: 2F
1-1: Foul Ball, location: 2F
1-2: Strikes out swinging
Batting: RHB Román Ayala 0-0: Foul Ball, location: 2F
0-1: Called Strike
0-2: Ground out 6-3 (Groundball, 6M, EV 88.1 MPH)
Batting: LHB Steve Scott 0-0: Foul Ball, location: 2F
0-1: Ball
1-1: Fly out, F7 (Flyball, 78M, EV 86.2 MPH)
Bottom of the 6th over - 0 runs, 0 hits, 0 errors, 0 left on base; Montgomery 0 - Moose Jaw 1
TOP OF THE 7TH
Montgomery Biscuits batting - Pitching for Moose Jaw Canucks : LHP John Deemer
Batting: RHB Ming-an Yin 0-0: Fly out, F8 (Line Drive, 8RD, EV 86.9 MPH)
Batting: RHB Michael Hawk 0-0: Ball
1-0: Ground out 6-3 (Groundball, 6, EV 76.9 MPH)
Batting: RHB Chad Holland 0-0: Called Strike
0-1: Ball
1-1: Ground out U3 (Groundball, 34, EV 81.9 MPH)
Top of the 7th over - 0 runs, 0 hits, 0 errors, 0 left on base; Montgomery 0 - Moose Jaw 1
BOTTOM OF THE 7TH
Moose Jaw Canucks batting - Pitching for Montgomery Biscuits : RHP George Atwater
Batting: RHB José Sandoval 0-0: Called Strike
0-1: Ball
1-1: Ball
2-1: Ground out 1-3 (Groundball, 23, EV 83.8 MPH)
Batting: RHB Greg Green 0-0: Ground out 4-3 (Groundball, 34, EV 81.9 MPH)
Batting: RHB Dave Johns 0-0: Fly out, F8 (Flyball, 8RXD, EV 106.9 MPH)
Bottom of the 7th over - 0 runs, 0 hits, 0 errors, 0 left on base; Montgomery 0 - Moose Jaw 1
TOP OF THE 8TH
Montgomery Biscuits batting - Pitching for Moose Jaw Canucks : LHP John Deemer
Batting: RHB Christian Karembeu 0-0: Ground out 6-3 (Groundball, 6S, EV 68.8 MPH)
Batting: LHB Juan Martínez 0-0: Ball
1-0: SINGLE (Line Drive, 3D, EV 103.8 MPH)
Pinch Hitting: RHB Soh Sasaki 0-0: Fly out, F7 (Flyball, 78D, EV 98.1 MPH)
Batting: RHB Chiel Spronck 0-0: Called Strike
0-1: Swinging Strike
0-2: Strikes out swinging, 2-3 out at first.
Top of the 8th over - 0 runs, 1 hit, 0 errors, 1 left on base; Montgomery 0 - Moose Jaw 1
BOTTOM OF THE 8TH
Moose Jaw Canucks batting - Pitching for Montgomery Biscuits : RHP George Atwater
Now in CF: Jacob Hall
Batting: RHB Marcos Martínez 0-0: Fly out, F8 (Line Drive, 8RM, EV 102.5 MPH)
Batting: RHB George Holmes 0-0: Called Strike
0-1: Swinging Strike
0-2: Fly out, F8 (Flyball, 8LS, EV 92.5 MPH)
Batting: LHB Gary McQueen 0-0: Foul Ball, location: 2F
0-1: SINGLE (Groundball, 25, EV 73.8 MPH) (infield hit)
Batting: RHB Millard Carr 0-0: Ball
Wild Pitch!
Gary McQueen to second
1-0: Foul Ball, location: 2F
1-1: Foul Ball, location: 2F
1-2: SINGLE (Line Drive, 56, EV 102.5 MPH)
Gary McQueen to third
Runner from 3rd tries for Home, SAFE, throw by LF to home
Batting: RHB Román Ayala 0-0: Called Strike
0-1: Fly out, F9 (Flyball, 89S, EV 81.2 MPH)
Bottom of the 8th over - 1 run, 2 hits, 0 errors, 1 left on base; Montgomery 0 - Moose Jaw 2
TOP OF THE 9TH
Montgomery Biscuits batting - Pitching for Moose Jaw Canucks : LHP John Deemer
Now at 2B: Olivier Leloup
Now at 3B: Dominique Raffin
Batting: RHB Bob Clark 0-0: Foul Ball, location: 2F
0-1: Ball
1-1: Foul Ball, location: 2F
1-2: Ball
2-2: Fly out, F9 (Flyball, 9S, EV 93.8 MPH)
Batting: RHB José Labandeira 0-0: Fly out, F8 (Flyball, 78S, EV 95.6 MPH)
Batting: RHB Ming-an Yin 0-0: DOUBLE (Flyball, 8RXD, EV 92.5 MPH)
Batting: RHB Michael Hawk 0-0: Ball
1-0: Foul Ball, location: 2F
1-1: Ball
2-1: Called Strike
2-2: Foul Ball, location: 2F
2-2: Foul Ball, location: 2F
2-2: Foul Ball, location: 2F
2-2: Fly out, F8 (Line Drive, 8LD, EV 96.9 MPH)
Top of the 9th over - 0 runs, 1 hit, 0 errors, 1 left on base; Montgomery 0 - Moose Jaw 2
Friday, March 26th, 2021 - OOTP Baseball 20.8 Build 74